Map: Rhoskallian LE

Players

rioT

  • Race: Protoss Protoss
  • League: Grandmaster
  • Spawn Location: 11:00

JessePinkman

  • Race: Protoss Protoss
  • League: Platinum
  • Spawn Location: 12:00

eclipser

  • Race: Zerg Zerg
  • League: Platinum
  • Spawn Location: 5:00

Bobfatty

  • Race: Zerg Zerg
  • League: Diamond
  • Spawn Location: 6:00

VOD

Have the link to the VOD?

Description

I play 2v2s with my coworker and this was from tonight,
I have a tough time spending money and larva management feel lacking.

Time

  • Played on: Jan. 19, 2020, 5:44 p.m.
  • Length: 6:03
Show
View Real Time Build Order
Export as new Build Order

rioT Protoss 

Build Orders: 1 Gate Expand 

Get SALT Encoding   

  12  0:01  Probe  
  13  0:13  Probe  
  14  0:19  Pylon  
  14  0:25  Probe  
  15  0:37  Probe (Chrono Boost)  
  16  0:44  Gateway  
  16  0:47  Probe (Chrono Boost)  
  17  0:52  Probe (Chrono Boost)  
  17  0:55  Assimilator  
  18  1:04  Probe  
  19  1:16  Probe  
  20  1:28  Nexus  
  20  1:29  Probe  
  21  1:40  Cybernetics Core  
  21  1:44  Probe  
  22  1:51  Assimilator  
  22  1:57  Pylon, Probe  
  23  2:15  Probe, Adept (Chrono Boost)  
  24  2:19  Warp Gate  
  26  2:27  Probe  
  27  2:35  Adept (Chrono Boost)  
  27  2:42  Probe x2 (Chrono Boost)  
  31  2:46  Twilight Council  
  33  2:52  Probe (Chrono Boost)  
  33  2:54  Probe (Chrono Boost)  
  33  2:57  Pylon, Probe (Chrono Boost)  
  33  3:03  Probe  
  35  3:09  Probe  
  36  3:15  Probe  
  36  3:19  Resonating Glaives (Chrono Boost)  
  37  3:21  Probe  
  37  3:24  Pylon, Adept  
  40  3:27  Probe  
  40  3:33  Probe  
  42  3:39  Probe  
  43  3:45  Probe  
  44  3:50  Gateway  
  44  3:51  Probe  
  44  3:52  Gateway  
  44  3:54  Pylon  
  45  3:56  Pylon  
  45  3:59  Probe  
  46  4:03  Probe  
  47  4:12  Pylon  
  47  4:16  Gateway  
  47  4:17  Gateway x2  
  47  4:21  Gateway, Probe x2  
  49  4:25  Pylon  
  49  4:31  Adept  
  51  4:39  Pylon  
  51  4:43  Robotics Facility  
  51  4:45  Probe x2  
  53  4:48  Assimilator  
  53  4:52  Assimilator  
  53  5:00  Adept x3  
  59  5:14  Adept x3  
  59  5:15  Adept  
  59  5:20  Adept  
  59  5:21  Adept x2  
  73  5:34  Nexus  
  73  5:38  Pylon  
  73  5:41  Probe x2  
  73  5:42  Pylon  
Show
View Real Time Build Order
Export as new Build Order

JessePinkman Protoss 

Build Orders: Phoenix Opening, Mass Phoenix 

Get SALT Encoding   

  12  0:01  Probe  
  13  0:13  Probe  
  14  0:25  Pylon, Probe  
  15  0:44  Gateway  
  15  0:48  Probe  
  16  0:57  Assimilator  
  16  1:00  Probe  
  17  1:08  Assimilator  
  17  1:12  Probe  
  18  1:22  Pylon  
  18  1:24  Probe  
  19  1:36  Probe  
  20  1:45  Nexus  
  20  1:51  Probe  
  21  2:03  Cybernetics Core  
  21  2:06  Probe  
  22  2:18  Probe  
  23  2:30  Probe  
  24  2:44  Pylon  
  24  2:51  Stargate  
  24  2:55  Adept (Chrono Boost)  
  24  2:56  Stargate  
  24  2:57  Probe  
  27  3:01  Probe (Chrono Boost)  
  28  3:09  Probe (Chrono Boost)  
  29  3:14  Probe (Chrono Boost)  
  31  3:20  Probe (Chrono Boost)  
  31  3:22  Probe (Chrono Boost)  
  31  3:25  Probe (Chrono Boost)  
  33  3:27  Probe  
  34  3:35  Probe  
  34  3:39  Probe, Phoenix x2 (Chrono Boost)  
  40  3:46  Assimilator  
  40  3:48  Probe  
  41  3:52  Probe  
  42  4:00  Probe  
  43  4:04  Forge  
  43  4:08  Probe  
  44  4:25  Phoenix x2 (Chrono Boost)  
  44  4:28  Probe x2  
  48  4:31  Assimilator  
  48  4:34  Pylon  
  48  4:37  Pylon  
  48  4:45  Phoenix x2 (Chrono Boost)  
  52  4:46  Photon Cannon  
  52  4:47  Pylon  
  52  4:56  Probe  
  53  5:05  Phoenix x2  
  57  5:07  Fleet Beacon  
  57  5:12  Pylon  
  57  5:22  Probe  
  57  5:23  Probe  
  59  5:30  Phoenix  
  59  5:35  Probe  
  62  5:40  Cybernetics Core  
Show
View Real Time Build Order
Export as new Build Order

eclipser Zerg 

Build Orders: Hatch First 

Get SALT Encoding   

  12  0:01  Drone  
  13  0:13  Overlord  
  13  0:18  Drone  
  14  0:32  Drone x2  
  16  0:36  Drone  
  17  0:57  Hatchery, Drone  
  17  1:00  Drone  
  18  1:14  Extractor  
  18  1:16  Spawning Pool  
  16  1:47  Drone  
  16  1:48  Drone  
  16  1:49  Drone  
  19  2:10  Queen x2  
  23  2:16  Overlord  
  23  2:27  Metabolic Boost  
  23  2:37  Drone  
  23  2:38  Drone x4  
  28  2:55  Zergling x2  
  28  2:56  Zergling x4  
  31  3:25  Overlord x3  
  31  3:36  Drone x3  
  31  3:37  Drone x2  
  36  3:50  Drone x4  
  40  4:04  Baneling Nest  
  40  4:09  Hatchery  
  38  4:13  Lair  
  38  4:15  Extractor  
  37  4:21  Evolution Chamber  
  37  4:23  Evolution Chamber  
  35  4:30  Queen  
  37  4:42  Drone  
  37  4:43  Drone x11, Roach Warren  
  48  5:00  Extractor  
  48  5:01  Extractor  
  45  5:15  Queen x2  
  49  5:25  Spore Crawler  
  49  5:26  Spore Crawler  
  47  5:36  Overlord x2  
  47  5:42  Spore Crawler  
  46  5:44  Spore Crawler  
Show
View Real Time Build Order
Export as new Build Order

Bobfatty Zerg 

Build Orders: Hatch First 

Get SALT Encoding   

  12  0:00  Drone  
  13  0:13  Overlord  
  13  0:19  Drone  
  14  0:31  Drone x2  
  16  0:52  Hatchery  
  16  0:54  Drone  
  16  0:57  Drone  
  17  1:08  Extractor  
  16  1:13  Spawning Pool  
  16  1:17  Drone  
  16  1:19  Drone  
  16  1:25  Drone  
  18  1:34  Drone  
  19  1:40  Overlord  
  19  2:00  Queen  
  21  2:02  Zergling x4  
  21  2:03  Queen  
  25  2:10  Metabolic Boost  
  25  2:13  Drone  
  26  2:16  Drone  
  26  2:22  Zergling x2  
  28  2:24  Zergling x2  
  28  2:26  Drone  
  30  2:33  Drone  
  31  2:49  Drone  
  31  2:50  Queen  
  32  3:16  Zergling x4  
  32  3:17  Zergling x2  
  32  3:19  Drone  
  36  3:22  Overlord  
  36  3:23  Overlord  
  35  3:32  Hatchery  
  34  3:35  Zergling x2  
  35  3:41  Drone x4  
  35  3:42  Drone  
  35  3:44  Lair  
  40  3:49  Drone  
  40  3:54  Drone x3  
  44  3:58  Drone x2  
  46  4:08  Drone x2, Spore Crawler  
  47  4:10  Spore Crawler  
  46  4:20  Drone x3  
  46  4:21  Drone  
  50  4:26  Extractor  
  50  4:27  Extractor  
  50  4:28  Drone x3  
  50  4:32  Drone  
  51  4:42  Overlord  
  51  4:43  Overlord  
  51  4:45  Drone x2  
  53  4:52  Queen  
  55  4:53  Drone  
  55  4:56  Drone x3  
  57  5:03  Extractor  
  57  5:05  Drone x4, Hydralisk Den  
  59  5:08  Drone x2  
  59  5:09  Drone  
  59  5:11  Spore Crawler  
  61  5:19  Overlord, Spore Crawler  
  61  5:20  Overlord x2  
  61  5:21  Queen  
  60  5:25  Drone x3, Spore Crawler  
  64  5:53  Lurker Den  
Tags
 
Add a new tag
Caveats
  • Supply blocks, unpowered buildings, or Contaminate may cause inaccurate times.
  • Supply counts are checked every 10 seconds.